 Dungeon Crawl Stone Soup version 0.25-a0-886-gd7461d2276 (webtiles) character file.

Game seed: 16428698428849678793, levelgen mode: deterministic

112 Conn the Magician (level 4, -2/27 HPs)
             Began as an Octopode Wizard on May 2, 2020.
             Slain by a worker ant (4 damage)
             ... on level 4 of the Dungeon.
             The game lasted 00:10:53 (2727 turns).

Conn the Magician (Octopode Wizard)                 Turns: 2727, Time: 00:10:54

Health: -2/27      AC:  2    Str:  6    XL:     4   Next: 93%
Magic:  1/9        EV: 13    Int: 21    God:
Gold:   128        SH:  0    Dex: 10    Spells: 2/10 levels left

rFire    . . .     SeeInvis .   b - staff of wizardry
rCold    . . .     Gourm    .   (no shield)
rNeg     . . .     Faith    .   f - +1 hat
rPois    .         Spirit   .   (no amulet)
rElec    .         Reflect  .   (no ring)
rCorr    .         Harm     .   (no ring)
MR       .....                  (no ring)
Stlth    +++.......             (no ring)
HPRegen  0.09/turn              (no ring)
MPRegen  0.11/turn              (no ring)
                                (no ring)
                                (no ring)

@: about to teleport
A: almost no armour, stealthy swim, amphibious, 8 rings, constrict 8, camouflage
1, gelatinous body 1
a: no special abilities


You were on level 4 of the Dungeon.
You were hungry.

You visited 1 branch of the dungeon, and saw 6 of its levels.

You collected 128 gold pieces.

Inventory:

Hand Weapons
 a - a +1 short sword
Armour
 f - a +1 hat (worn)
Magical Staves
 b - an uncursed staff of wizardry (weapon)
Scrolls
 g - 2 scrolls of identify
 h - 3 scrolls of remove curse
 k - a scroll of fog
 m - a scroll of magic mapping
 q - 3 scrolls of enchant weapon
Potions
 i - a potion of resistance {unknown}
 l - a potion of curing {unknown}
 p - a potion of might {unknown}
Comestibles
 c - 5 rations


   Skills:
 + Level 0.3 Fighting
 + Level 1.3 Short Blades
 + Level 2.3 Dodging
 + Level 3.4 Stealth
 + Level 3.7 Spellcasting
 * Level 1.2 Conjurations
 * Level 1.8 Summonings
 * Level 1.8 Translocations


You had 2 spell levels left.
You knew the following spells:

 Your Spells              Type           Power        Failure   Level  Hunger
a - Magic Dart            Conj           #...         3%          1    None
b - Blink                 Tloc           N/A          3%          2    ##.....
c - Call Imp              Summ           ##......     3%          2    ##.....
d - Conjure Flame         Conj/Fire      #.......     12%         3    ###....

Your spell library contained the following spells:

 Spells                   Type           Power        Failure   Level  Hunger
 Slow                     Hex            #.......     8%          2    ##.....
 Mephitic Cloud           Conj/Pois/Air  #.......     12%         3    ###....


Dungeon Overview and Level Annotations

Branches:
Dungeon (6/15)
 Temple: D:4-7

Altars:
Elyvilon
Fedhas
Gozag
Nemelex Xobeh
Wu Jian
Xom
The Shining One

Annotations:
D:4 Pikel


Innate Abilities, Weirdness & Mutations

You cannot wear most types of armour.
You are very stealthy in the water. (Stealth+)
You are amphibious.
You can wear up to eight rings at the same time.
You can use your tentacles to constrict eight enemies at once.
Your skin changes colour to match your surroundings (Stealth+).
Your rubbery body absorbs attacks. (AC +1, EV +1)


Message History

As you read the scroll labeled QYESOI XECRUW, it crumbles to dust.
It is a scroll of enchant armour.
Your +0 hat glows green for a moment.
The jackal bites you but does no damage.
The jackal barely misses you. The jackal misses you. The jackal bites you.
* * * LOW HITPOINT WARNING * * *
The worker ant barely misses you. The jackal bites you.
* * * LOW HITPOINT WARNING * * *
The jackal misses you. The slave hits you.
* * * LOW HITPOINT WARNING * * *
As you read the scroll labeled UKKOICW ZUCHO, it crumbles to dust.
You feel strangely unstable.
It was a scroll of teleportation.
The jackal bites you.
* * * LOW HITPOINT WARNING * * *
The jackal bites you.
* * * LOW HITPOINT WARNING * * *
The jackal barely misses you. The jackal bites you.
* * * LOW HITPOINT WARNING * * *
The worker ant bites you.
You die...

*,* *.........#,*,**,,,
*,****
#...§§....#,,,**,,,
*,,,,*
#...p§§...#*****,,,
****,* #....§§.§§# *,,,
*,* ##....§§§§§# ****
*****,*****###....§§§§.##
*,,,,,,,,,*#....p.K§§.§#
,,,,,,,,,..#._.pha..§§§#
,,,,,,,,,.......@hp.§###
,*******,......⌠hh...#
,*≈≈≈≈≈*,............#
,+≈≈∩≈≈*,........_...#
,*≈≈≈≈≈*,.##........##
,*******,,*###...####
,,,,,,,,,,* #####
*******,,** *,**


You could see Pikel (inner flame), 4 slaves, a worker ant (inner flame) and 4
jackals.

Vanquished Creatures
  An adder (D:2)
  2 gnolls (D:2)
  An ooze (D:1)
  2 dart slugs
  A leopard gecko (D:2)
  An orc (D:3)
  5 bats
  3 giant cockroaches
  9 hobgoblins
  4 jackals (D:1)
  10 kobolds
  2 quokkas
  A ball python (D:3)
  4 goblins
  3 rats
49 creatures vanquished.

Vanquished Creatures (collateral kills)
  3 adders
  2 orcs (D:3)
5 creatures vanquished.

Grand Total: 54 creatures vanquished

Notes
Turn   | Place    | Note
-------+----------+-------------------------------------------
     0 | D:1      | Conn the Octopode Wizard began the quest for the Orb.
     0 | D:1      | Reached XP level 1. HP: 11/11 MP: 4/4
   581 | D:1      | Reached XP level 2. HP: 16/17 MP: 4/6
   604 | D:1      | Learned a level 2 spell: Blink
   607 | D:1      | Learned a level 2 spell: Call Imp
  1169 | D:1      | Found a shimmering altar of Xom.
  1171 | D:1      | Found an opulent altar of Gozag.
  1171 | D:1      | Found a blossoming altar of Fedhas.
  1173 | D:1      | Found a shimmering altar of Xom.
  1173 | D:1      | Found a sparkling altar of Nemelex Xobeh.
  1173 | D:1      | Found an ornate altar of the Wu Jian Council.
  1227 | D:2      | Reached XP level 3. HP: 14/21 MP: 8/8
  1412 | D:2      | Learned a level 3 spell: Conjure Flame
  1470 | D:2      | Found a faded altar of an unknown god.
  1668 | D:2      | Reached XP level 4. HP: 23/27 MP: 9/9
  1892 | D:2      | Reached skill level 1 in Short Blades
  2462 | D:3      | You fall into a shaft and drop 2 floors!
  2462 | D:5      | Entered Level 5 of the Dungeon
  2464 | D:5      | Noticed an ice beast
  2604 | D:6      | Noticed an ice beast
  2714 | D:4      | Found a white marble altar of Elyvilon.
  2714 | D:4      | Noticed Pikel
  2714 | D:4      | Noticed a slave
  2714 | D:4      | Noticed a slave
  2714 | D:4      | Noticed a slave
  2715 | D:4      | Noticed a slave
  2720 | D:4      | Found a glowing golden altar of the Shining One.
  2727 | D:4      | Slain by a worker ant

Levels and vault maps discovered:
D:1:      shiori_shiawase, layout_basic, ebering_dispersal_statue_hall,
          doesnt_xom_only_xom
D:2:      layout_loops_ring, chequers_ecumenical_altar_simple_redux
D:3:      layout_loops_ring, uniq_natasha
D:4:      kennysheep_spiral_hall, layout_basic, grunt_temple_overflow_open,
          first_ration, gup_sewer_entry_glass, uniq_pikel, uniq_edmund
D:5:      layout_loops_ring, uniq_crazy_yiuf_cottage, uniq_ijyb
D:6:      layout_rooms, temple_statues, serial_shops, nicolae_shop_trees,
          kennysheep_generic_room_14

Skill      XL: |  1  2  3  4 |
---------------+-------------+-----
Stealth        | 3 |  3.4
Short Blades   | 1 |  1.3
Fighting       | |  0.3
Dodging        | |  2.3
Spellcasting   | |  3.7
Conjurations   | |  1.2
Summonings     | |  1.8
Translocations | |  1.8

Action                   |  1- 3 |  4- 6 || total
-------------------------+-------+-------++-------
Melee: Short sword       |    68 |    17 ||    85
       Constrict         |    14 |     6 ||    20
       Tentacles         |    12 |     2 ||    14
       Unarmed           |     1 |       ||     1
       Staff             |       |     8 ||     8
 Cast: Magic Dart        |    32 |    38 ||    70
       Call Imp          |     1 |    11 ||    12
       Blink             |       |     3 ||     3
  Use: Scroll            |       |     9 ||     9
 Stab: Sleeping          |     2 |     7 ||     9
  Eat: Chunk             |     2 |     3 ||     5
Armor: Skin              |     7 |     7 ||    14
Dodge: Dodged            |    47 |    43 ||    90

Table legend:
 A = Non-vault XP
 B = Vault XP
 C = Vault XP percentage of total XP
 D = Non-vault monster count
 E = Vault monster count
 F = Vault count percentage of total count
                 A         B        C        D         E       F
            +---------+---------+-------+---------+---------+-------
      Total |     160 |       0 |   0.0 |      54 |       0 |   0.0
            +---------+---------+-------+---------+---------+-------
        D:1 |      33 |       0 |   0.0 |      15 |       0 |   0.0
        D:2 |     101 |       0 |   0.0 |      31 |       0 |   0.0
        D:3 |      10 |       0 |   0.0 |       5 |       0 |   0.0
        D:5 |       2 |       0 |   0.0 |       1 |       0 |   0.0
        D:6 |      14 |       0 |   0.0 |       2 |       0 |   0.0
            +---------+---------+-------+---------+---------+-------
